 Dungeon Crawl Stone Soup version 0.29-a0-997-gf6f7e2dfe7 (webtiles) character file.

Game seed: 7154323716456112119

2032 concernfroge the Fighter (level 9, -4/78 HPs)
             Began as a Mummy Monk on Aug 4, 2022.
             Was a Priest of Okawaru.
             Killed by an exploding wolf (42 damage)
             ... ignited by their inner flame
             ... on level 8 of the Dungeon.
             The game lasted 00:24:41 (7093 turns).

concernfroge the Fighter (Mummy Monk)               Turns: 7093, Time: 00:24:41

Health: -4/78      AC: 13    Str: 16    XL:     9   Next: 3%
Magic:  12/12      EV:  7    Int:  9    God:    Okawaru [***...]
Gold:   38         SH:  0    Dex: 19    Spells: 8/8 levels left

rFire   . . .      SeeInvis .   l - +2 shortbow (vorpal)
rCold   + . .      Faith    .   (shield currently unavailable)
rNeg    + + +      Spirit   .   j - +2 chain mail of Springtime {rPois Dex+2}
rPois   ∞          Reflect  .   (no helmet)
rElec   .          Harm     .   e - +2 cloak {Will+}
rCorr   .          Rampage  .   (no gloves)
Will    +++..                   (no boots)
Stlth   ..........              (no amulet)
HPRegen 0.23/turn               o - ring of protection from fire
MPRegen 0.13/turn               q - ring of willpower

@: no status effects
A: cold resistance 1, negative energy resistance 3, torment resistance 2, heat
vulnerability 1, in touch with death 1, no potions
a: Renounce Religion, Heroism


You were on level 8 of the Dungeon.
You worshipped Okawaru.
Okawaru was most pleased with you.
You visited 2 branches of the dungeon, and saw 9 of its levels.

You collected 275 gold pieces.
You spent 237 gold pieces at shops.

Inventory:

Hand Weapons
 d - a +0 halberd
 h - a +2 vorpal spear
 k - a +0 war axe of flaming
 l - a +2 vorpal shortbow (weapon)
Missiles
 b - 13 poisoned darts
 s - a curare-tipped dart
Armour
 e - a +2 cloak of willpower (worn)
 j - the +2 chain mail of Springtime (worn) {rPois Dex+2}
   (You bought it in a shop on level 6 of the Dungeon)

   Dex:       It affects your dexterity (+2).
   rPois:     It protects you from poison.
Jewellery
 o - a ring of protection from fire (left hand)
 p - a ring of fire
 q - a ring of willpower (right hand)
Wands
 g - a wand of flame (19)
Scrolls
 a - 2 scrolls of identify
 c - a scroll of immolation
 f - a scroll of enchant armour
 i - 2 scrolls of noise


   Skills:
 - Level 10.0 Fighting
 - Level 2.2(3.1) Axes
 - Level 3.2(3.5) Polearms
 + Level 2.7 Ranged Weapons
 - Level 2.4 Dodging
 - Level 1.5 Stealth
 - Level 4.0 Invocations


You had 8 spell levels left.
You didn't know any spells.
Your spell library contained the following spells:

 Spells                   Type           Power      Damage    Failure   Level
 Shock                    Conj/Air       0%         1d3       100%        1
 Sublimation of Blood     Necr           Unusable   N/A       N/A         2
 Wereblood                Tmut           Unusable   N/A       N/A         2
 Summon Hydra             Summ           Unusable   N/A       N/A         7

Dungeon Overview and Level Annotations

Branches:
Dungeon (8/15)             Temple (1/1) D:7
   Lair: D:8-11

Altars:
Ashenzari
Dithmenos
Fedhas
Gozag
Makhleb
Nemelex Xobeh
Okawaru
Qazlal
Ru
Sif Muna
Trog
Uskayaw
Vehumet
Wu Jian
Xom
Yredelemnul

Shops:
D:6 [

Annotations:
D:5 Dowan, Duvessa
D:8 Grum, Psyche


Innate Abilities, Weirdness & Mutations

You are immune to poison.
Your flesh is cold resistant. (rC+)
You are immune to negative energy. (rN+++)
You are immune to unholy pain and torment.
You are vulnerable to heat. (rF-)
You are in touch with the powers of death.
You do not drink.


Message History

The gnoll explodes! x3
You hear a horrible gurgling sound!
Training target 4.0 for Invocations reached!
Your Invocations skill increases to level 4!
Okay, then.
You hear a horrible gurgling sound!
The wolf bites you but does no damage.
Psyche the Insane Magess comes into view.
She is wielding a +0 dagger of chaos.
The wolf bites you but does no damage.
You hear a horrible gurgling sound!
Psyche shouts!
The wolf bites you.
Psyche laughs secretively.
A gnoll bouda comes into view. It is wielding a +0 club.
The wolf closely misses you. The wolf bites you but does no damage.
The wolf bites you but does no damage. The wolf bites you.
Psyche is engulfed in blazing flames.
Psyche gestures wildly while chanting.
Psyche flickers and vanishes!
Deactivating autopickup; reactivate with Ctrl-A.
The wolf bites you but does no damage. The wolf bites you.
The wolf completely misses you.
Grum hits you from afar with a +1 glaive.
The wolf bites you but does no damage. The wolf closely misses you.
Grum closely misses you. The wolf closely misses you. Grum barely misses you.
The wolf bites you. The wolf bites you! Grum hits you but does no damage.
The wolf bites you but does no damage. x2
Grum hits you from afar with a +1 glaive!
Fire: l) +2 shortbow (vorpal)
Press: ? - help, Q - select action, (/) - cycle Shift-Dir - straight line, f - wolf
Aim: a wolf (inner flame, 55% to hit)
You shoot an arrow. The arrow hits the wolf!
Flame seeps out of the wolf. x2
The wolf is severely wounded.
The wolf is engulfed in blazing flames.
Okawaru accepts your kill.
The wolf explodes!
The fiery explosion engulfs you!!!
Ouch! That really hurt!
You die...

#.#<...#
##########.#######
.........#........ #
...........####### ..
########.#.# ...
.....#..<#.# ....
####.#.#.#.# .....
...#.#.#.#.#######h.§○§.
##..............@○gg☼)..
##...#.#.#.#######g{.§§.
#...#.#.#.# .§.°.
#.....#.#.# ....
#...####### ... #..## +#
#.>.# ##'### #....#


You could see Grum (inner flame), a wolf (inner flame), a gnoll bouda and a
gnoll (inner flame).

Vanquished Creatures
  A wraith (D:8)
  A steam dragon (D:7)
  Edmund (D:4)
  2 water moccasins (D:7)
  An ice beast (D:6)
  A sky beast (D:7)
  A wolf (D:8)
  2 centaurs
  2 ogres
  2 bullfrogs
  A kobold brigand (D:6)
  A necrophage (D:6)
  A jelly (D:4)
  2 hounds
  A gnoll bouda (D:5)
  An orc priest (D:6)
  4 iguanas
  4 orc wizards
  14 gnolls
  7 adders
  A shadow imp (D:7)
  2 white imps
  3 worms
  2 dart slugs
  14 orcs
  8 ball pythons
  6 bats
  6 endoplasms
  4 giant cockroaches
  6 goblins
  5 hobgoblins
  4 jackals (D:1)
  17 kobolds
  A quokka (D:3)
  3 frilled lizards
  A rat (D:1)
133 creatures vanquished.

Vanquished Creatures (others)
  A plant (D:2)
1 creature vanquished.

Grand Total: 134 creatures vanquished

Notes
Turn   | Place    | Note
-------+----------+-------------------------------------------
     0 | D:1      | concernfroge the Mummy Monk began the quest for the Orb.
     0 | D:1      | Reached XP level 1. HP: 18/18 MP: 1/1
   319 | D:1      | Reached XP level 2. HP: 24/24 MP: 2/2
   595 | D:1      | Reached skill level 4 in Fighting
  1092 | D:2      | Found a faded altar of an unknown god.
  1107 | D:2      | Got Plato's Catalogue of Conflict
  1178 | D:2      | Gained mutation: You are in touch with the powers of death.
                  | [Mummy growth]
  1178 | D:2      | Reached XP level 3. HP: 28/30 MP: 3/3
  1936 | D:3      | Reached XP level 4. HP: 37/38 MP: 4/4
  1960 | D:3      | Reached skill level 5 in Fighting
  2203 | D:3      | Noticed a centaur
  2219 | D:3      | Killed a centaur
  2220 | D:3      | Reached skill level 6 in Fighting
  2220 | D:3      | Reached XP level 5. HP: 14/46 MP: 5/5
  2819 | D:4      | Found an ornate altar of the Wu Jian Council.
  2900 | D:4      | Found a broken altar of Ashenzari.
  2956 | D:4      | Noticed Edmund
  2979 | D:4      | Killed Edmund
  2980 | D:4      | Reached skill level 7 in Fighting
  2980 | D:4      | Reached XP level 6. HP: 23/55 MP: 6/6
  3819 | D:4      | Found a burning altar of Makhleb.
  4379 | D:5      | Entered Level 5 of the Dungeon
  4623 | D:4      | Reached skill level 8 in Fighting
  4623 | D:4      | Reached XP level 7. HP: 46/62 MP: 7/7
  4855 | D:5      | Noticed Duvessa
  4855 | D:5      | Noticed Dowan
  4907 | D:6      | Reached skill level 9 in Fighting
  5095 | D:6      | Reached XP level 8. HP: 72/72 MP: 8/8
  5138 | D:6      | Found Inenac's Antique Armour Boutique.
  5156 | D:6      | Reached skill level 10 in Fighting
  5730 | D:7      | Found a staircase to the Ecumenical Temple.
  5739 | Temple   | Entered the Ecumenical Temple
  5739 | Temple   | Found a transporter.
  5739 | Temple   | Found a transporter.
  5741 | Temple   | Found a transporter.
  5741 | Temple   | Found a transporter.
  5775 | Temple   | Became a worshipper of Warmaster Okawaru
  5775 | Temple   | Reached * piety under Okawaru
  5775 | Temple   | Reached ** piety under Okawaru
  5817 | D:7      | Reached skill level 1 in Axes
  5817 | D:7      | Reached skill level 1 in Invocations
  6245 | D:7      | Reached skill level 1 in Ranged Weapons
  6417 | D:7      | Found a basalt altar of Yredelemnul.
  6578 | D:7      | Found a sacrificial altar of Ru.
  6755 | D:6      | Bought a polished chain mail for 237 gold pieces
  6755 | D:6      | Identified the +2 chain mail of Springtime {rPois Dex+2}
                  | (You bought it in a shop on level 6 of the Dungeon)
  6909 | D:8      | Reached *** piety under Okawaru
  6910 | D:8      | Reached XP level 9. HP: 42/78 MP: 9/11
  7080 | D:8      | Noticed Grum
  7083 | D:8      | Noticed Psyche
  7093 | D:8      | Killed by an exploding wolf... ignited by their inner flame

Illustrated notes

Levels and vault maps discovered:
D:1:      dpeg_arrival_simpleton_b, layout_loops_ring
D:2:      layout_rooms, shapermc_ecumenical_altar_rom_forum
D:3:      layout_rooms
D:4:      minmay_spotlight, layout_basic, mainiacjoe_overflow_catwalk,
          mainiacjoe_overflow_24_doors, nicolae_ashenzari_skybound,
          mainiacjoe_overflow_concentric_impassable, uniq_edmund
D:5:      layout_gridville, marbit_many_paths, uniq_duvessa
D:6:      layout_rooms, serial_shops, nicolae_shop_hallway_plus
D:7:      layout_loops_cross, yredelemnul_altar_generic,
          mainiacjoe_overflow_paths, minmay_temple_entry_wispy
D:8:      layout_basic, kennysheep_slug_shrine,
          ploomutoo_gammafunk_ghost_potion_laboratory, uniq_maggie, uniq_pikel,
          uniq_grum, uniq_psyche
Temple:   hellmonk_temple_divided_pantheon

Skill      XL: |  1  2  3  4  5  6  7  8  9 |
---------------+----------------------------+-----
Fighting       | 4 6 7 8 9 10 | 10.0
Polearms       | 3 |  3.2
Axes           | 2 |  2.2
Invocations    | 3 4 |  4.0
Ranged Weapons | 2 |  2.7
Dodging        | |  2.4
Stealth        | |  1.5

Action                   |  1- 3 |  4- 6 |  7- 9 || total
-------------------------+-------+-------+-------++-------
Melee: Spear             |    40 |       |       ||    40
       Dagger            |    89 |    36 |       ||   125
       Punch             |     5 |     1 |     1 ||     7
       Flail             |       |    29 |    38 ||    67
       Halberd           |       |       |    72 ||    72
       War axe           |       |       |    41 ||    41
 Fire: Shortbow          |       |    29 |    55 ||    84
Throw: Dart              |       |     5 |    11 ||    16
Invok: Heroism           |       |       |     2 ||     2
Evoke: Wand              |       |       |     1 ||     1
  Use: Scroll            |     5 |     4 |    16 ||    25
 Stab: Sleeping          |     2 |       |       ||     2
Armor: Robe              |    20 |     7 |       ||    27
       Plate armour      |       |    12 |   172 ||   184
       Ring mail         |       |     3 |       ||     3
       Chain mail        |       |     2 |    28 ||    30
Dodge: Dodged            |    64 |    59 |   103 ||   226

Table legend: (Time is in decaauts)
 A = Elapsed time spent in this place.
 B = Non-inter-level travel time spent in this place.
 C = Inter-level travel time spent in this place.
 D = Time resting spent in this place.
 E = Time spent auto-exploring this place.
 F = Levels seen in this place.
 G = Mean time per level.
                   A        B        C        D        E       F      G
               +--------+--------+--------+--------+--------+-----+--------+
         Total |   7245 |   6777 |    468 |    206 |   5401 |   9 |  805.0 |
       Dungeon |   7192 |   6759 |    433 |    206 |   5395 |   8 |  899.0 |
        Temple |     52 |     17 |     35 |      0 |      6 |   1 |   52.0 |
               +--------+--------+--------+--------+--------+-----+--------+

Top non-repeatable levels by time:
     D:4: 2016 daAuts
     D:7: 1106 daAuts
     D:1: 976 daAuts
     D:3: 963 daAuts
     D:6: 836 daAuts
     D:2: 787 daAuts
     D:8: 338 daAuts
     D:5: 166 daAuts
  Temple: 52 daAuts
